 Dungeon Crawl Stone Soup version 0.24.0-1-gfbc8707 (webtiles) character file.

Game seed: 2723451064961747278, levelgen mode: deterministic

3320 porkupine the Twirler (level 9, -10/69 HPs)
             Began as a Demonspawn Abyssal Knight on Nov 4, 2019.
             Was a High Priest of Lugonu.
             Mangled by a wolf spider (19 damage)
             ... on level 7 of the Dungeon.
             The game lasted 00:21:57 (5447 turns).

porkupine the Twirler (Demonspawn Abyssal Knight)   Turns: 5447, Time: 00:21:58

Health: -10/69     AC: 10    Str: 15    XL:     9   Next: 71%
Magic:  0/10       EV: 13    Int: 13    God:    Lugonu [*****.]
Gold:   287        SH:  0    Dex: 14    Spells: 12/12 levels left

rFire    + + +     SeeInvis .   e - +7 quarterstaff
rCold    . . .     Gourm    .   (shield currently unavailable)
rNeg     . . .     Faith    .   B - +2 ring mail {rF+}
rPois    .         Spirit   +   (no helmet)
rElec    .         Reflect  .   m - scarf {Spirit}
rCorr    .         Harm     +   (no gloves)
MR       .....                  o - +1 pair of boots {Fly}
Stlth    ++........             v - amulet of harm
HPRegen  0.61/turn              r - ring of protection from cold
MPRegen  0.12/turn              w - ring of fire

@: no status effects
A: hooves 1, fire resistance 1, low mp 2, powered by pain 1, regeneration 1,
flame cloud immunity, sturdy frame 2
a: Depart the Abyss, Bend Space, Banish, Corrupt, Enter the Abyss, Renounce
Religion, Evoke Flight


You were on level 7 of the Dungeon.
You worshipped Lugonu.
Lugonu was extremely pleased with you.
You were not hungry.

You visited 1 branch of the dungeon, and saw 8 of its levels.
You visited the Abyss 1 time.
You also visited: Sewer.

You collected 287 gold pieces.

Inventory:

Hand Weapons
 e - a +7 quarterstaff (weapon)
 x - a +2 flail of protection
Missiles
 d - 8 silver boomerangs (quivered)
 f - 2 atropa-tipped darts
 k - 9 boomerangs
 l - 14 poisoned darts
Armour
 b - a +0 chain mail
 i - a +0 buckler
 m - a scarf of spirit shield (worn)
 o - a +1 pair of boots of flying (worn)
 B - a +2 ring mail of fire resistance (worn)
Jewellery
 n - an uncursed ring of flight
 r - a ring of protection from cold (left hand)
 v - an amulet of harm (around neck)
 w - a ring of fire (right hand)
Wands
 g - a wand of disintegration (13)
 s - a wand of polymorph (5)
 t - a wand of paralysis (16)
 u - a wand of flame (24)
Scrolls
 a - 4 scrolls of remove curse
 h - 9 scrolls of identify
 y - 2 scrolls of teleportation
 A - a scroll of amnesia
Potions
 j - 3 potions of flight
 p - a potion of magic
 q - 2 potions of brilliance
 z - 2 potions of berserk rage {unknown}
Comestibles
 c - 13 rations


   Skills:
 + Level 6.2 Fighting
 + Level 1.7(5.1) Maces & Flails
 + Level 7.7(7.8) Staves
 + Level 2.2 Throwing
 + Level 6.5 Armour
 + Level 3.4 Dodging
 + Level 3.1 Stealth
 + Level 2.2 Unarmed Combat
 + Level 2.2 Spellcasting
 + Level 5.9 Invocations


You had 12 spell levels left.
You didn't know any spells.
Your spell library contained the following spells:

 Spells                   Type           Power        Failure   Level  Hunger
 Magic Dart               Conj           #...         28%         1    ##.....
 Summon Small Mammal      Summ           #...         28%         1    ##.....
 Blink                    Tloc           N/A          38%         2    ###....
 Call Imp                 Summ           #.......     38%         2    ###....
 Slow                     Hex            #.......     38%         2    ###....
 Call Canine Familiar     Summ           #.......     63%         3    ####...
 Conjure Flame            Conj/Fire      #.......     63%         3    ####...
 Mephitic Cloud           Conj/Pois/Air  #.......     63%         3    ####...
 Summon Guardian Golem    Hex/Summ       #.......     63%         3    ####...
 Summon Ice Beast         Ice/Summ       #.......     95%         4    #####..
 Summon Lightning Spire   Summ/Air       #.......     95%         4    #####..


Dungeon Overview and Level Annotations

Branches:
Dungeon (8/15)             Temple (0/1) D:5           Sewer (visited)
   Lair: D:8-11

Altars:
Elyvilon
Okawaru
The Shining One


Innate Abilities, Weirdness & Mutations

You have large cloven feet.
Your flesh is heat resistant. (rF+)
You sometimes gain a little power by taking damage.
You are immune to clouds of flame.
Your movements are less encumbered by armour. (ER -4)
Your magical capacity is very low. (-20% MP)
Your natural rate of healing is unusually fast.


Message History

Press: ? - help, Shift-Dir - straight line, f - two-headed ogre
Aim: a two-headed ogre, wielding a +0 giant club and a +0 giant spiked club (chance to defeat MR: 28%)
The two-headed ogre evaporates and reforms as a wolf spider!
You bludgeon the wolf spider!!
The wolf spider is heavily wounded.
The wolf spider hits you but does no damage.
The wolf spider closely misses you. x2; The wolf spider misses you.
You closely miss the wolf spider.
The wolf spider is heavily wounded.
The wolf spider hits you!
* * * LOW HITPOINT WARNING * * *
The wolf spider barely misses you.
You thump the wolf spider!
The wolf spider is severely wounded.
The wolf spider hits you but does no damage.
The wolf spider misses you.
You barely miss the wolf spider.
The wolf spider is severely wounded.
The wolf spider hits you!!
You die...

#..#..##...##..###(##
#####+##...##..###(##
#.....^.......#....
#.............+....
#.............#)...
#.............#.##.
##########..####'#..#..
##...######.<##...#.....
#......@s)........#..#..
#...........>.....#..##.
##....#########...#.....
###### ##...#.....
#....##..## #######..##
##...# #....' #....#


You could see a wolf spider.

Vanquished Creatures
  Joseph (D:8)
  Eustachio (D:5)
  3 sky beasts
  An orc warrior (D:6)
  An ice beast (D:7)
  A black bear (D:6)
  5 ogres
  A phantom (D:4)
  3 centaurs (D:7)
  A big kobold (Sewer)
  Blork the orc (D:5)
  A bullfrog (D:8)
  A scorpion (D:5)
  5 crimson imps
  A quasit (D:5)
  A centaur zombie (D:6)
  A jelly (D:6)
  7 hounds
  An orc priest (D:7)
  2 bullfrog skeletons
  Jessica (D:3)
  Ijyb (D:5)
  Terence (D:2)
  4 worker ants
  Natasha (twice) (D:3)
  2 iguanas
  2 orc wizards
  A hound skeleton (D:7)
  Robin (D:3)
  4 gnolls
  13 adders
  3 river rats (Sewer)
  A shadow imp (D:6)
  2 adder skeletons
  An adder zombie (D:7)
  3 worms
  2 dart slugs
  6 leopard geckos
  23 orcs
  11 giant cockroaches
  14 goblins
  13 hobgoblins
  14 jackals
  9 kobolds
  2 quokkas
  A ball python (D:3)
  6 bats
  5 frilled lizards
  2 goblin zombies (D:8)
  A hobgoblin zombie (D:8)
  2 kobold skeletons (D:8)
  A kobold zombie (D:8)
  A leopard gecko zombie (D:7)
  An orc skeleton (D:8)
  An orc zombie (D:8)
  6 rats
202 creatures vanquished.

Notes
Turn   | Place    | Note
-------+----------+-------------------------------------------
     0 | Abyss:1  | porkupine the Demonspawn Abyssal Knight began the quest for
                  | the Orb.
     0 | Abyss:1  | Reached XP level 1. HP: 18/18 MP: 2/2
    59 | Abyss:2  | Noticed a tentacled starspawn
    69 | Abyss:2  | Noticed a small abomination
    78 | D:1      | Escaped the Abyss
   241 | D:1      | Gained mutation: You sometimes gain a little power by
                  | taking damage. [demonic ancestry]
   241 | D:1      | Reached XP level 2. HP: 19/24 MP: 3/3
   313 | D:1      | Reached skill level 2 in Staves
   313 | D:1      | Reached skill level 5 in Invocations
   313 | D:1      | Gained mutation: Your flesh is heat resistant. (rF+)
                  | [demonic ancestry]
   313 | D:1      | Reached XP level 3. HP: 31/31 MP: 4/7
   347 | D:1      | Reached * piety under Lugonu
  1035 | D:2      | Found a faded altar of an unknown god.
  1129 | D:2      | Gained mutation: You have large cloven feet. [demonic
                  | ancestry]
  1129 | D:2      | Reached XP level 4. HP: 28/38 MP: 8/8
  1395 | D:2      | Reached ** piety under Lugonu
  1710 | D:3      | Noticed Terence
  1718 | D:2      | Killed Terence
  1718 | D:2      | Reached XP level 5. HP: 39/43 MP: 9/9
  1837 | D:3      | Found a white marble altar of Elyvilon.
  1886 | D:3      | Noticed Robin
  1895 | D:3      | Killed Robin
  1909 | D:3      | Reached skill level 3 in Staves
  2162 | D:3      | Noticed Jessica
  2163 | D:3      | Killed Jessica
  2180 | D:3      | Noticed Natasha
  2185 | D:3      | Killed Natasha
  2185 | D:3      | Gained mutation: Your movements are slightly less
                  | encumbered by armour. (ER -2) [demonic ancestry]
  2185 | D:3      | Reached XP level 6. HP: 35/50 MP: 7/10
  2448 | D:3      | Noticed Natasha
  2453 | D:3      | Killed Natasha
  2453 | D:3      | Reached *** piety under Lugonu
  2453 | D:3      | Reached skill level 5 in Fighting
  2574 | D:4      | Found a glowing drain.
  2620 | Sewer    | Entered a sewer
  2752 | Sewer    | Reached skill level 4 in Staves
  2752 | Sewer    | Reached XP level 7. HP: 39/56 MP: 7/11
  2868 | Sewer    | Found a white marble altar of Elyvilon.
  3220 | D:4      | Reached skill level 5 in Staves
  3336 | D:5      | Entered Level 5 of the Dungeon
  3454 | D:5      | Gained mutation: Your magical capacity is low. (-10% MP)
                  | [potion of mutation]
  3454 | D:5      | Gained mutation: Your magical capacity is very low. (-20%
                  | MP) [potion of mutation]
  3454 | D:5      | Gained mutation: Your natural rate of healing is unusually
                  | fast. [potion of mutation]
  3548 | D:5      | Noticed Blork the orc
  3553 | D:5      | Killed Blork the orc
  3570 | D:5      | Noticed Eustachio
  3595 | D:5      | Killed Eustachio
  3595 | D:5      | Gained mutation: You are immune to clouds of flame.
                  | [demonic ancestry]
  3595 | D:5      | Reached XP level 8. HP: 63/63 MP: 9/9
  3638 | D:5      | Noticed Ijyb
  3642 | D:5      | Paralysed by Ijyb for 2 turns
  3649 | D:5      | Killed Ijyb
  3656 | D:5      | Reached **** piety under Lugonu
  3678 | D:5      | Found a staircase to the Ecumenical Temple.
  4080 | D:6      | Reached skill level 6 in Staves
  4186 | D:6      | HP: 3/63 [orc warrior/+0 glaive (14)]
  4186 | D:6      | HP: 1/63 [quokka (2)]
  4278 | D:6      | Reached skill level 5 in Armour
  4331 | D:6      | Gained mutation: Your movements are less encumbered by
                  | armour. (ER -4) [demonic ancestry]
  4331 | D:6      | Reached XP level 9. HP: 56/68 MP: 7/10
  4725 | D:7      | Reached skill level 7 in Staves
  4726 | D:7      | Found an iron altar of Okawaru.
  4745 | D:7      | Reached ***** piety under Lugonu
  5248 | D:8      | Noticed Joseph
  5257 | D:8      | Killed Joseph
  5272 | D:8      | Identified a scroll of acquirement
  5294 | D:8      | Found a glowing golden altar of the Shining One.
  5365 | D:8      | Noticed a two-headed ogre
  5385 | D:8      | HP: 3/69 [two-headed ogre/+0 giant club (26)]
  5443 | D:7      | Noticed a wolf spider
  5443 | D:7      | a two-headed ogre changed into a wolf spider
  5447 | D:7      | Mangled by a wolf spider

Levels and vault maps discovered:
D:1:      erik_arrival_blinker_ship, layout_basic
D:2:      layout_loops_ring, chequers_ecumenical_altar_grove, st_stairs_1
D:3:      layout_loops_cross, nicolae_overflow_crystal_walls, uniq_robin,
          uniq_terence, uniq_jessica, uniq_natasha
D:4:      layout_rooms, gup_sewer_entry_glass
D:5:      layout_loops_ring, minmay_temple_entry_butterflies, first_ration,
          uniq_blork_the_orc, uniq_eustachio, uniq_ijyb
D:6:      wad_pebble_path, layout_rooms, minmay_liquid_box
D:7:      layout_gridville, okawaru_gym_becter
D:8:      layout_rooms, nicolae_ossuary_entry_monument,
          nicolae_tso_besieged_by_evil, uniq_joseph, uniq_pikel, uniq_maurice

Skill      XL: |  1  2  3  4  5  6  7  8  9 |
---------------+----------------------------+-----
Fighting       | 4 5 6 |  6.2
Staves         | 2 3 4 5 6 7 |  7.7
Throwing       | 2 |  2.2
Armour         | 3 4 5 6 |  6.5
Dodging        | 2 3 |  3.4
Stealth        | 2 3 |  3.1
Unarmed Combat | 2 |  2.2
Spellcasting   | 2 |  2.2
Invocations    | 5 |  5.9
Maces & Flails | |  1.7

Action                   |  1- 3 |  4- 6 |  7- 9 || total
-------------------------+-------+-------+-------++-------
Melee: Quarterstaff      |    49 |   184 |   339 ||   572
       Kick              |       |    31 |    71 ||   102
Throw: Boomerang         |       |     1 |       ||     1
Invok: Depart the Abyss  |     1 |       |       ||     1
       Bend Space        |       |       |     3 ||     3
 Abil: Evoke Flight      |       |       |     1 ||     1
       Stop Flying       |       |       |     1 ||     1
Evoke: Wand              |       |       |     1 ||     1
  Use: Scroll            |     4 |     3 |     9 ||    16
       Potion            |     2 |     2 |     4 ||     8
  Eat: Chunk             |     1 |     4 |    10 ||    15
Armor: Scale mail        |    28 |    27 |       ||    55
       Leather armour    |     1 |       |       ||     1
       Chain mail        |       |   110 |   217 ||   327
       Ring mail         |       |       |     5 ||     5
Dodge: Dodged            |    23 |    94 |   200 ||   317
